cohdb
Replays
Latest Replays
All Replays
Popular Replays
Top Player Replays
Match Explorer
How It Works
Community
CoH3 Stats
Reddit
Sign in to upload your games and track your stats! →
Sign in with Steam
Match 45261949
Unlisted
Match 45261949
Overview
Messages
Build Orders
End
Vickers Machine Gun Team
Construct Section Command Post
Selects Australian Defense Battlegroup
Selects Australian Light Infantry Section
Infantry Section
Infantry Section
Infantry Section
Infantry Section
Infantry Section
Construct Platoon Command Post
Selects CMP 15cwt Supply Run
CMP 15cwt Supply Run
Selects Reinforced Resource Caches
Construct Company Command Post
CMP 15cwt Supply Run
Unlock M3 Grant Medium Tanks
Grenade Package
M3 Grant Medium Tank
Selects Charged Creeping Barrage
Selects Defensive Tactics
Charged Creeping Barrage
M3 Grant Medium Tank
Selects Hold the Line!
CMP 15cwt Supply Run
Charged Creeping Barrage
Crusader II Medium Tank
Crusader II Medium Tank
Crusader II Medium Tank
Armored Vehicle Training
Charged Creeping Barrage
Crusader II Medium Tank
CMP 15cwt Supply Run
Charged Creeping Barrage
Crusader II Medium Tank
Crusader II Medium Tank
Charged Creeping Barrage
Cjoffrey
Mowgli01
Sponge_bobby
[PD]Lurgi
[PD] Ducktus
[PD] Captain Unbrauchbar
0
0
Comments
sign in to comment!
No comments posted yet!